Map: Echo LE (Void)

Players

Wouane

  • Race: Terran Terran
  • League: Diamond
  • Spawn Location: 5:00

Musumeci - Winner!

  • Race: Zerg Zerg
  • League: Diamond
  • Spawn Location: 11:00

VOD

Have the link to the VOD?

Description

Time

  • Played on: Dec. 30, 2016, 3:49 p.m.
  • Length: 14:11
Show
View Real Time Build Order
Export as new Build Order

Wouane Terran 

Build Orders: MMM Bio 

Get SALT Encoding   

  12  0:02  SCV  
  13  0:14  SCV  
  13  0:18  Supply Depot  
  14  0:27  SCV  
  15  0:28  Refinery  
  15  0:40  SCV  
  16  0:44  Barracks  
  16  0:52  SCV  
  17  1:04  SCV  
  18  1:16  SCV  
  19  1:28  SCV  
  19  1:32  Factory  
  20  1:40  Orbital Command  
  20  1:48  Barracks Reactor  
  20  1:58  Command Center  
  20  2:04  Supply Depot  
  20  2:07  SCV  
  21  2:31  Hellion x2  
  24  2:37  SCV  
  24  2:42  Barracks Tech Lab  
  25  2:50  SCV  
  26  2:52  Hellion x2  
  30  3:02  SCV  
  30  3:04  Stimpack  
  31  3:12  Command Center  
  31  3:22  Supply Depot  
  31  3:34  Widow Mine x2, Marine  
  36  3:49  SCV  
  36  3:50  Orbital Command  
  36  3:52  Marine  
  36  3:54  Starport  
  38  4:02  Widow Mine  
  36  4:13  SCV  
  37  4:19  Supply Depot  
  37  4:20  SCV, Barracks  
  37  4:21  Refinery  
  37  4:22  Barracks  
  34  4:48  SCV  
  34  4:49  SCV  
  34  4:51  Orbital Command  
  36  4:55  Hellion x2  
  36  4:56  Viking  
  36  4:59  Marine  
  42  5:00  SCV  
  42  5:01  SCV  
  42  5:06  Bunker  
  45  5:13  SCV x2  
  47  5:17  Barracks Reactor, Marine  
  47  5:18  Barracks Reactor  
  48  5:24  SCV  
  48  5:25  SCV x2  
  51  5:37  SCV x2  
  51  5:38  SCV  
  54  5:49  SCV  
  53  5:52  SCV x2  
  53  5:53  Marine  
  53  5:54  Combat Shields  
  53  5:56  Marine x4  
  54  6:04  SCV x2  
  53  6:05  SCV, Barracks, Engineering Bay  
  53  6:06  Factory Tech Lab  
  53  6:08  Barracks  
  53  6:09  Engineering Bay  
  53  6:10  Marine, Supply Depot  
  56  6:16  SCV x2  
  56  6:17  SCV, Marine  
  60  6:19  Medivac  
  60  6:22  Medivac  
  64  6:28  SCV, Marine  
  64  6:29  SCV x2  
  64  6:32  Refinery x2  
  68  6:35  Bunker  
  68  6:37  Marine, Supply Depot  
  68  6:38  Marine  
  70  6:40  SCV  
  70  6:41  SCV x2, Marine  
  70  6:42  Marine  
  70  6:45  Terran Infantry Weapons Level 1  
  77  6:47  Marauder, Terran Infantry Armor Level 1  
  78  6:55  Marine  
  78  6:56  Refinery, Marine  
  78  6:58  Refinery  
  78  6:59  Marine  
  78  7:01  Marine  
  83  7:04  Barracks Tech Lab  
  83  7:06  Barracks Tech Lab  
  83  7:08  Marauder, Supply Depot  
  83  7:09  Supply Depot  
  83  7:10  SCV x3  
  83  7:12  Marine, Supply Depot  
  87  7:16  Missile Turret  
  87  7:19  Marine  
  87  7:21  Missile Turret  
  87  7:22  SCV x2  
  90  7:23  SCV  
  90  7:24  Missile Turret  
  91  7:30  Missile Turret  
  91  7:34  SCV x2, Marine x2  
  91  7:35  SCV  
  96  7:38  Marine x2  
  96  7:41  Marauder  
  96  7:42  Marauder  
  96  7:44  Concussive Shells  
  102  7:46  SCV x2, Marine  
  102  7:47  SCV  
  106  7:51  Supply Depot  
  106  7:52  Marine  
  106  7:53  Marine  
  106  7:55  Medivac  
  106  7:57  Medivac  
  106  7:58  SCV x2  
  114  7:59  SCV  
  114  8:01  Marine x2  
  117  8:12  Marine x2  
  117  8:13  SCV x3, Marine  
  117  8:14  Marauder  
  117  8:17  Marine  
  117  8:18  Marine  
  117  8:19  Marine  
  125  8:25  SCV  
  116  8:31  Marauder  
  114  8:36  Marine  
  114  8:40  Unknown x2  
  110  8:47  Marine x4  
  110  8:48  Marine  
  101  8:52  Marine  
  101  8:54  Marine  
  90  9:05  Marine x3  
  90  9:06  Marauder x2  
  90  9:09  Marine  
  92  9:12  Marine  
  82  9:23  Marine x3  
  77  9:27  Marauder x2  
  77  9:28  Marauder  
  77  9:30  Marine  
  74  9:32  Orbital Command  
  70  9:40  Marine, Medivac  
  70  9:41  Marine x2  
  70  9:48  Marine  
  70  9:49  Marauder x3  
  61  9:58  Marine x2  
  61  9:59  Marine  
  56  10:01  SCV x2  
  56  10:06  Marine  
  58  10:10  Marauder x2  
  58  10:11  Marauder  
  64  10:16  Marine x3  
  67  10:23  Marine  
  66  10:31  Marauder, Marine x2  
  66  10:34  Marine x3  
  71  10:35  SCV  
  71  10:41  Marine  
  73  10:48  SCV  
  73  10:49  Marine x2  
  76  10:52  Armory, Marine x4  
  76  10:54  Medivac x2  
  84  10:59  Marine  
  84  11:00  SCV x2  
  87  11:04  SCV  
  87  11:06  Marine  
  87  11:07  Marine  
  87  11:09  Marine  
  87  11:10  Marine x2  
  87  11:11  Marauder  
  95  11:12  SCV x2  
  95  11:16  SCV  
  95  11:17  Marine  
  99  11:24  SCV x2  
  101  11:30  Supply Depot  
  101  11:33  Supply Depot  
  101  11:36  Supply Depot  
  101  11:41  Supply Depot  
  101  11:51  Marauder, SCV x2, Marine x4  
  109  11:54  SCV, Marine x2, Medivac x2  
  109  11:56  Siege Tank  
  98  12:06  SCV  
  96  12:09  Marauder, Marine x3  
  96  12:12  Marine x2  
  96  12:13  Marauder  
  105  12:27  Marauder, Marine x2  
  105  12:28  Siege Tank  
  103  12:30  Marine x2  
  103  12:31  Marauder  
  103  12:34  Marine  
  93  12:44  Marine x2  
  93  12:47  Marine x2  
  93  12:48  Marauder  
  99  12:52  Marauder x2  
  100  13:00  Siege Tank  
  100  13:02  Marine x2  
  100  13:05  Marine x2  
  104  13:10  Marauder  
  104  13:13  Marauder, Marine  
  84  13:20  Marine x2  
  84  13:23  Marine x2  
  65  13:31  Marauder, Marine  
  63  13:34  Marine  
  63  13:38  Marine x2  
  63  13:41  Marine x2  
  59  13:49  Marauder  
Show
View Real Time Build Order
Export as new Build Order

Musumeci Zerg - Winner!

Build Orders: Hatch First 

Get SALT Encoding   

  12  0:00  Drone  
  13  0:10  Drone  
  14  0:16  Overlord  
  14  0:27  Drone, Extractor  
  15  0:35  Drone x2  
  17  0:56  Hatchery  
  16  1:10  Spawning Pool  
  15  1:12  Drone  
  15  1:16  Drone  
  17  1:19  Drone  
  17  1:23  Drone  
  19  1:37  Drone  
  20  1:49  Drone  
  21  1:55  Drone  
  21  2:00  Queen, Extractor  
  21  2:01  Extractor  
  22  2:07  Queen, Overlord  
  26  2:12  Drone  
  27  2:20  Drone  
  28  2:29  Drone  
  29  2:30  Overlord  
  29  2:35  Drone  
  29  2:36  Queen  
  32  2:43  Queen  
  34  2:49  Drone  
  35  2:53  Drone x3  
  37  3:06  Evolution Chamber x3  
  37  3:09  Drone x5  
  37  3:12  Extractor  
  38  3:13  Extractor  
  37  3:26  Roach Warren  
  36  4:12  Drone  
  36  4:13  Drone x7  
  36  4:15  Overlord x5  
  44  4:24  Lair  
  44  4:28  Extractor  
  44  4:29  Extractor  
  41  4:55  Zerg Missile Weapons Level 1  
  41  4:58  Roach  
  41  4:59  Roach x3  
  46  5:25  Overseer  
  46  5:27  Spore Crawler  
  41  6:07  Drone  
  41  6:08  Drone x11  
  53  6:12  Glial Reconstitution, Zerg Ground Armor Level 1  
  53  6:17  Hatchery  
  52  6:22  Hatchery  
  52  6:24  Overlord  
  52  6:25  Overlord  
  51  6:34  Overseer  
  51  6:37  Roach  
  51  6:38  Roach x3  
  51  6:39  Ravager x3  
  62  6:52  Drone x3  
  65  7:05  Zerg Missile Weapons Level 2  
  65  7:06  Roach  
  65  7:07  Roach x5  
  77  7:12  Overlord  
  77  7:25  Queen  
  77  7:27  Roach  
  77  7:28  Roach  
  77  7:29  Overlord x4  
  83  7:34  Ravager  
  83  7:35  Ravager x5  
  89  7:37  Queen  
  89  7:38  Drone x3  
  89  7:39  Extractor  
  89  7:41  Drone x3, Extractor  
  89  7:43  Drone x2  
  97  7:47  Drone  
  97  7:48  Drone  
  97  7:49  Drone  
  97  8:21  Roach x12  
  119  8:46  Roach x11  
  127  8:53  Roach  
  127  8:54  Roach x2  
  127  9:01  Roach x3  
  129  9:14  Roach  
  129  9:15  Roach  
  122  9:22  Zerg Ground Armor Level 2  
  118  9:24  Roach  
  118  9:25  Roach x4  
  118  9:28  Roach  
  118  9:29  Roach  
  112  9:56  Roach  
  112  9:57  Roach x11  
  126  10:07  Ravager x3  
  119  10:29  Roach  
  119  10:30  Roach x3  
  121  10:49  Ravager  
  122  10:50  Roach, Ravager x2  
  122  10:51  Roach, Overlord  
  122  10:52  Overlord x5  
  122  10:56  Extractor  
  127  11:01  Extractor  
  127  11:03  Drone  
  128  11:04  Drone  
  128  11:09  Overlord x3  
  128  11:14  Ravager x5  
  128  11:15  Ravager x3  
  128  11:16  Ravager x2  
  138  11:25  Ravager x10  
  148  11:35  Drone x2  
  148  11:39  Drone  
  153  11:40  Drone x4  
  153  11:41  Drone x2  
  157  11:52  Infestation Pit  
  136  12:18  Roach x17  
  136  12:19  Roach x2  
  165  12:38  Ravager x3  
  165  12:39  Ravager x9  
  165  12:41  Roach x6  
  158  13:33  Roach x3  
  158  13:34  Roach x7  
Tags
 
Composition
MMM Bio
Matchup
TvZ
Replay Pack
replay pack
Spawn Locations
Cross Positions
Add a new tag
Caveats
  • Supply blocks, unpowered buildings, or Contaminate may cause inaccurate times.
  • Supply counts are checked every 10 seconds.